 Dungeon Crawl Stone Soup version 0.22.1-2-g9c5b331 (webtiles) character file.

653 MalarOregon the Spear-Bearer (level 7, 0/55 HPs)
             Began as a Merfolk Gladiator on Dec 25, 2018.
             Was a Follower of the Shining One.
             Slain by a water moccasin (3 damage)
             ... on level 5 of the Dungeon.
             The game lasted 00:06:19 (3575 turns).

MalarOregon the Spear-Bearer (Merfolk Gladiator)    Turns: 3575, Time: 00:06:20

Health: 0/55       AC:  5    Str: 15    XL:     7   Next: 54%
Magic:  7/7        EV: 16    Int:  9    God:    the Shining One [*.....]
Gold:   170        SH:  0    Dex: 15    Spells: 6/6 levels left

rFire    . . .     SeeInvis .   a - +0 trident
rCold    . . .     Gourm    .   (no shield)
rNeg     . . .     Faith    .   b - +0 leather armour
rPois    .         Spirit   .   c - +0 helmet
rElec    .         Reflect  .   (no cloak)
rCorr    +         Harm     .   (no gloves)
MR       +....                  f - +0 pair of boots
Stlth    +.........             (no amulet)
HPRegen  0.18/turn              l - ring of protection from magic
MPRegen  0.10/turn              o - ring of resist corrosion

@: lethally poisoned (0 -> -7), glowing
A: change form in water, swift swim, stealthy swim
a: Renounce Religion


You were on level 5 of the Dungeon.
You worshipped the Shining One.
The Shining One was aware of your devotion.
You were very hungry.

You visited 1 branch of the dungeon, and saw 5 of its levels.

You collected 170 gold pieces.

Inventory:

Hand Weapons
 a - a +0 trident (weapon)
 u - a +0 trident
   (You found it on level 4 of the Dungeon)
Missiles
 t - 3 throwing nets (quivered) {!f}
Armour
 b - a +0 leather armour (worn)
 c - a +0 helmet (worn)
 f - a +0 pair of boots (worn)
   (You found it on level 1 of the Dungeon)
Jewellery
 l - a ring of protection from magic (left hand)
   (You found it on level 2 of the Dungeon)
 o - a ring of resist corrosion (right hand)
   (You found it on level 2 of the Dungeon)
Wands
 d - a wand of iceblast (7)
   (You found it on level 4 of the Dungeon)
Scrolls
 g - 3 scrolls of identify {@r1}
 i - 7 scrolls of teleportation {unknown}
 n - 2 scrolls of random uselessness {unknown}
 p - 5 scrolls of remove curse {unknown}
 r - a scroll of immolation {unknown}
Potions
 j - 2 potions of mutation {!q}
 k - 3 potions of haste {@q3}
 m - a potion of flight
Comestibles
 e - 8 rations {!d}


   Skills:
 + Level 4.8 Fighting
 * Level 9.2 Polearms
 - Level 2.0 Throwing
 + Level 6.5 Dodging


You had 6 spell levels left.
You didn't know any spells.
Your spell library was empty.

Dungeon Overview and Level Annotations

Branches:
Dungeon (5/15)
 Temple: D:4-7

Altars:
Ashenzari
Makhleb
Yredelemnul
The Shining One

Shops:
D:4 =


Message History

* * * LOW HITPOINT WARNING * * *
You feel sick.
The water moccasin completely misses you.
The water moccasin closely misses you.
You hit the water moccasin but do no damage.
* * * LOW HITPOINT WARNING * * *
You feel sick. The water moccasin barely misses you.
You closely miss the water moccasin.
* * * LOW HITPOINT WARNING * * *
You feel sick. The water moccasin closely misses you.
You closely miss the water moccasin.
* * * LOW HITPOINT WARNING * * *
You feel sick.
The water moccasin bites you but does no damage.
You closely miss the water moccasin.
* * * LOW HITPOINT WARNING * * *
You feel sick. The water moccasin bites you.
* * * LOW HITPOINT WARNING * * *
It was a potion of curing.
You feel better. The water moccasin bites you.
* * * LOW HITPOINT WARNING * * *
The water moccasin closely misses you.
You hit the water moccasin.
The water moccasin bites you but does no damage.
You hit the water moccasin. The water moccasin bites you.
* * * LOW HITPOINT WARNING * * *
You are poisoned.
The water moccasin poisons you!
You closely miss the water moccasin.
You feel sick. The water moccasin barely misses you.
You hit the water moccasin.
You feel sick. The water moccasin bites you!
* * * LOW HITPOINT WARNING * * *
You feel better.
The water moccasin bites you but does no damage.
The water moccasin bites you!
* * * LOW HITPOINT WARNING * * *
You are lethally poisoned!
The water moccasin poisons you!
It was a potion of agility.
You feel agile all of a sudden.
* * * LOW HITPOINT WARNING * * *
You feel sick. The water moccasin closely misses you.
It was a potion of cancellation.
Your magical effects are unravelling.
You feel magically purged.
You feel a little less agile now.
* * * LOW HITPOINT WARNING * * *
You feel sick.
The water moccasin bites you but does no damage.
The water moccasin bites you.
You die...

.# #.<..##.# .# #....##.#
.# #.#.###.# .##
#.#.###.# #+## ..##
#.......# #.!.# ...#
###.##### #..... ...##
##.>#.## #......
.[..####.#....####.......
........###.....@S†......
##[.##.## ##..####.......
#...###.###..## #......
#.#.# ##.#.### #.....
#.#.# ##.## ....# ....#
#.# #.## #.### #.# .# #.#
#.# # #.# #.#


You could see a water moccasin.

Vanquished Creatures
  2 ogres
  A centaur (D:4)
  A howler monkey (D:4)
  A crimson imp (D:4)
  3 iron imps (D:3)
  An orc wizard (D:4)
  An orc priest (D:4)
  Natasha (thrice) (D:2)
  A worker ant (D:4)
  3 adders
  A howler monkey skeleton (D:4)
  An ooze (D:3)
  A worm (D:2)
  A dart slug (D:2)
  3 leopard geckos
  3 orcs
  4 giant cockroaches
  3 goblins
  3 hobgoblins
  6 kobolds
  6 bats
  A frilled lizard (D:3)
  8 rats
58 creatures vanquished.

Notes
Turn   | Place    | Note
-------+----------+-------------------------------------------
     0 | D:1      | MalarOregon the Merfolk Gladiator began the quest for the
                  | Orb.
     0 | D:1      | Reached XP level 1. HP: 16/16 MP: 1/1
   103 | D:1      | Found a glowing golden altar of the Shining One.
   135 | D:1      | Reached XP level 2. HP: 23/23 MP: 2/2
   394 | D:1      | Reached skill level 5 in Polearms
   665 | D:1      | Found a glowing golden altar of the Shining One.
  1213 | D:1      | Became a worshipper of the Shining One
  1277 | D:2      | Noticed Natasha
  1280 | D:2      | Noticed a crimson imp
  1288 | D:2      | Killed Natasha
  1288 | D:2      | Reached XP level 3. HP: 9/28 MP: 3/3
  1505 | D:2      | Noticed Natasha
  1514 | D:2      | Killed Natasha
  1514 | D:2      | Reached skill level 6 in Polearms
  1514 | D:2      | Reached XP level 4. HP: 28/35 MP: 4/4
  1704 | D:2      | Noticed Natasha
  1713 | D:2      | Killed Natasha
  1713 | D:2      | Reached skill level 5 in Dodging
  1776 | D:2      | Reached XP level 5. HP: 41/41 MP: 5/5
  1982 | D:3      | Found a shattered altar of Ashenzari.
  2006 | D:3      | Noticed an ogre
  2016 | D:3      | Killed an ogre
  2016 | D:3      | Reached skill level 7 in Polearms
  2127 | D:3      | Reached XP level 6. HP: 37/48 MP: 6/6
  2199 | D:3      | Reached * piety under the Shining One
  2200 | D:3      | Found a burning altar of Makhleb.
  2386 | D:4      | Reached skill level 8 in Polearms
  2522 | D:4      | Found Nebiunax's Jewellery Shop.
  2614 | D:4      | Found a basalt altar of Yredelemnul.
  2626 | D:4      | Reached XP level 7. HP: 46/55 MP: 7/7
  2952 | D:4      | Reached skill level 9 in Polearms
  3400 | D:5      | Entered Level 5 of the Dungeon
  3572 | D:5      | HP: 1/55 [water moccasin (7)]
  3575 | D:5      | Slain by a water moccasin

Skill      XL: |  1  2  3  4  5  6  7 |
---------------+----------------------+-----
Polearms       | 5 6 7 8 9 |  9.2
Fighting       | 3 4 |  4.8
Dodging        | 5 6 |  6.5
Throwing       | |  2.0

Action                   |  1- 3 |  4- 6 |  7- 9 || total
-------------------------+-------+-------+-------++-------
Melee: Trident           |    58 |   117 |    38 ||   213
  Use: Scroll            |       |     3 |       ||     3
       Potion            |       |       |     4 ||     4
 Stab: Sleeping          |     1 |       |       ||     1
  Eat: Chunk             |     2 |     3 |     2 ||     7
Armor: Leather armour    |    18 |    17 |     7 ||    42
Dodge: Dodged            |    42 |    46 |    21 ||   109
